 Dungeon Crawl Stone Soup version 0.19.0 (webtiles) character file.

70469 Danakh the Severer (level 14, -9/117 HPs)
             Began as a Minotaur Fighter on Nov 6, 2016.
             Was the Champion of Hepliaklqana.
             Killed from afar by Nikola (18 damage)
             ... with a chain lightning
             ... while paralysed by a hornet
             ... on level 1 of the Swamp.
             The game lasted 01:07:21 (19604 turns).

Danakh the Severer (Minotaur Fighter)              Turns: 19604, Time: 01:07:22

Health: -9/117     AC: 26    Str: 35    XL:     14   Next: 94%
Magic:  18/18      EV:  2    Int:  5    God:    Hepliaklqana [******]
Gold:   593        SH:  0    Dex: 10    Spells: 0 memorised, 13 levels left

rFire  . . .     SeeInvis .     u - +1 war axe (elec)
rCold  + + +     Gourm    .     O - +1 plate armour {rC+}
rNeg   + . .     Faith    .     D - +0 large shield
rPois  .         Spirit   .     (helmet restricted)
rElec  .         Reflect  +     q - +0 cloak
rCorr  .         Harm     .     y - +0 pair of gloves
MR     +....                    T - +4 pair of boots of Filth {rC++}
Stlth  ..........               n - +4 amulet of reflection
                                K - ring of wizardry (curse)
                                b - ring "Cuigg" {*Drain rN+ Str+9}

@: paralysed, lethally poisoned (-9 -> -12), grasped by roots, slowed, very slow
A: retaliatory headbutt, reduced essence, horns 2
a: Recall Ancestor, Ancestor Identity, Transference, Idealise, Renounce Religion


You were on level 1 of the Swamp.
You worshipped Hepliaklqana.
Hepliaklqana was exalted by your worship.
You were not hungry.

You visited 5 branches of the dungeon, and saw 22 of its levels.
You visited the Abyss 1 time.

You collected 1760 gold pieces.
You spent 1167 gold pieces at shops.

Inventory:

Hand Weapons
 u - a +1 war axe of electrocution (weapon)
 x - a +1 scimitar of flaming
Armour
 q - a +0 cloak (worn)
 y - a +0 pair of gloves (worn)
 D - a +0 large shield (worn)
 O - a +1 plate armour of cold resistance (worn)
 T - the +4 pair of boots of Filth (worn) {rC++}
   (You found it on level 10 of the Dungeon)

   It greatly protects you from cold.
Jewellery
 b - the ring "Cuigg" (left hand) {*Drain rN+ Str+9}
   (You bought it in a shop on level 5 of the Dungeon)

   [ring of positive energy]

   It affects your strength (+9).
   It protects you from negative energy.
   It causes draining when unequipped.
 n - a +4 amulet of reflection (around neck)
 B - an uncursed amulet of harm {unknown}
 J - an uncursed ring of protection from fire
 K - a cursed ring of wizardry (right hand)
Wands
 e - a wand of iceblast (8/15)
 r - a wand of acid (4/15)
 w - a wand of acid (2/15)
 F - a wand of digging (13/24)
 G - a wand of iceblast (9/15)
 P - a wand of flame (7/48)
Scrolls
 c - a scroll of acquirement {unknown}
 h - a scroll of identify {unknown}
 i - a scroll of enchant weapon {unknown}
 m - a scroll of fog {unknown}
 p - a scroll of teleportation {unknown}
 s - a scroll of fear {unknown}
Potions
 d - a potion of lignification {unknown}
 j - a potion of cure mutation {unknown}
 l - a potion of curing {unknown}
 t - a potion of berserk rage {unknown}
Miscellaneous
 W - a lamp of fire
 Y - a phial of floods
Comestibles
 f - 10 bread rations
 g - 10 meat rations
 k - 9 beef jerkies
 N - 43 fruits


   Skills:
 + Level 13.7 Fighting
 * Level 17.6 Axes
 + Level 13.8 Armour
 + Level 13.6 Shields
 + Level 7.6 Invocations
 + Level 5.1 Evocations


You had 13 spell levels left.
You didn't know any spells.

Dungeon Overview and Level Annotations

Branches:
Dungeon (12/15)            Temple (1/1) D:6            Lair (6/6) D:10
  Swamp (1/4) Lair:4        Snake (0/4) Lair:2        Slime (0/5) Lair:5
    Orc (2/2) D:11
    Elf: Orc:2

Altars:
Cheibriados
Dithmenos
Elyvilon
Gozag
Hepliaklqana
Kikubaaqudgha
Makhleb
Nemelex Xobeh
Ru
Sif Muna
Trog
Uskayaw
Vehumet
Xom
Zin
The Shining One
Jiyva

Shops:
D:5 =   D:6 !   Orc:1 (   Orc:2 *

Annotations:
D:4 1 runed door
D:9 exclusion: oklob plant
Swamp:1 Nikola
Orc:1 Fannar
Orc:2 Nessos


Innate Abilities, Weirdness & Mutations

You reflexively headbutt those who attack you in melee.
You have a pair of horns on your head.
Your life essence is reduced. (-10% HP)


Message History

Paullus closely misses the spriggan rider.
The shambling mangrove hits you but does no damage.
You feel sick. The hornet stings you.
You feel yourself slow down.
The hornet stings you but does no damage.
The spiny frog stings you but does no damage.
The spriggan rider hits you but does no damage.
The spriggan rider blocks Paullus's attack.
The hornet stings you but does no damage.
Nikola gestures wildly while chanting.
You hear a mighty clap of thunder!
The lightning arc hits the spiny frog.
The spiny frog dies!
The lightning arc hits the spriggan rider.
The spriggan rider dies!
The hornet dies!
The lightning arc hits Paullus.
The lightning arc hits you!
* * * LOW HITPOINT WARNING * * *
The lightning arc hits Paullus.
Paullus is destroyed!
The lightning arc hits you!
You die...

♣ ..
♣♣♣♣♣♣♣♣♣♣♣♣
...♣♣≈.)fy...§≈≈
...≈..≈≈@yJ.♣
..≈...≈.†♣♣♣♣
≈♣....≈.≈≈♣
....≈.≈≈..§≈.J.
.......≈.......
≈...(...♣...@≈.
...............
..##......♣♣#.(
.♣ ##....## ♣.


You could see Nikola, a shambling mangrove, a slime creature and 2 hornets.

Vanquished Creatures
  4 tentacled starspawn (Abyss:1)
  Snorg (Lair:3)
  2 hydras
  Harold (D:10)
  2 catoblepae (Lair:6)
  11 death yaks
  Nergalle (D:12)
  An unseen horror (D:12)
  3 hill giants
  2 ugly things
  A cyclops (D:12)
  A manticore (D:12)
  A black mamba (Lair:6)
  Joseph (D:8)
  8 elephants
  The ghost of Danakh the Chopper, a novice MiFi of Okawaru (D:6)
  A smoke demon (Abyss:1)
  2 gargoyles
  A torpor snail (Lair:6)
  3 centaur skeletons
  8 spiny frogs
  A kobold demonologist (D:11)
  2 rime drakes
  6 komodo dragons
  3 ancient zymes (Abyss:1)
  2 trolls
  A two-headed ogre (D:12)
  A polar bear (Lair:6)
  3 dream sheep (Lair:6)
  13 blink frogs
  4 hippogriffs
  4 slime creatures
  3 large abominations (Abyss:1)
  Sigmund (D:2)
  A wraith (D:11)
  3 wyverns
  42 yaks
  2 steam dragons
  6 basilisks
  A neqoxec (Abyss:1)
  A hungry ghost (D:7)
  2 nagas (Lair:2)
  6 water moccasins
  9 porcupines
  11 orc warriors
  An ettin simulacrum (Abyss:1)
  A swamp drake (Lair:4)
  2 phantoms (D:9)
  3 black bears
  An ice beast (D:7)
  A sky beast (D:8)
  5 wolves (Lair:4)
  2 necrophages
  A small abomination (Abyss:1)
  5 ogres
  8 centaurs
  9 crocodiles
  5 big kobolds
  14 bullfrogs
  3 gnoll sergeants (D:11)
  A scorpion (D:5)
  A water moccasin zombie (D:9)
  13 killer bees
  5 wights
  5 howler monkeys
  4 crimson imps
  A bullfrog zombie (D:11)
  3 centaur zombies
  6 hounds
  Crazy Yiuf (D:2)
  13 jellies
  9 orc priests
  8 orc wizards
  Jessica (D:2)
  7 iguanas
  10 worker ants
  A killer bee zombie (D:9)
  A hound zombie (D:8)
  2 hound skeletons
  A howler monkey zombie (D:10)
  2 worker ant zombies
  5 gnolls (D:11)
  10 adders
  7 river rats (D:10)
  4 shadow imps
  A white imp (Abyss:1)
  9 oozes
  2 adder skeletons
  An adder zombie (D:5)
  2 worms (D:2)
  3 dart slugs
  8 leopard geckos
  58 orcs
  A ball python (D:1)
  4 giant cockroaches
  3 goblins
  9 hobgoblins
  23 jackals
  9 kobolds
  5 quokkas
  5 bats
  5 frilled lizards
  A leopard gecko zombie (D:8)
  5 rats
  A fungus (Lair:1)
  4 starspawn tentacles (Abyss:1)
525 creatures vanquished.

Vanquished Creatures (collateral kills)
  Erolcha (D:12)
  2 hydras (Lair:3)
  Erica (D:8)
  A catoblepas (Lair:6)
  2 death yaks
  A thrashing horror (Abyss:1)
  An orc sorcerer (Orc:1)
  A manticore (D:12)
  An elephant (Lair:6)
  Psyche (D:8)
  3 spiny frogs
  A komodo dragon (Lair:1)
  A silent spectre (Abyss:1)
  2 two-headed ogres
  2 blink frogs
  A dream sheep (Lair:6)
  3 hippogriffs
  5 yaks
  A wraith (D:12)
  A steam dragon (D:12)
  5 water moccasins
  An ice beast (D:9)
  2 orc warriors
  A sky beast (D:11)
  2 phantoms
  2 centaurs
  A wolf (Lair:4)
  An ogre (D:11)
  2 crocodiles
  2 big kobolds
  A bullfrog (D:8)
  2 gnoll sergeants (D:11)
  5 killer bees
  A wight (D:10)
  2 bullfrog zombies
  A jelly (D:9)
  An orc wizard (D:8)
  2 worker ants
  A howler monkey skeleton (D:10)
  A river rat (D:10)
  4 oozes (D:9)
  An orc (Orc:1)
  A jackal (D:9)
  A quokka (D:7)
75 creatures vanquished.

Vanquished Creatures (others)
  A spriggan (Swamp:1)
  A spiny frog (Swamp:1)
  A hornet (Swamp:1)
  An orc warrior (D:12)
  14 hexers
  2 ancestors (D:8)
  5 fungi (D:9)
  9 plants
  17 starspawn tentacles (Abyss:1)
51 creatures vanquished.

Grand Total: 651 creatures vanquished

Notes
Turn   | Place    | Note
-------+----------+-------------------------------------------
     0 | D:1      | Danakh the Minotaur Fighter began the quest for the Orb.
     0 | D:1      | Reached XP level 1. HP: 19/19 MP: 0/0
   156 | D:1      | Reached skill level 3 in Axes
   226 | D:1      | Reached XP level 2. HP: 24/27 MP: 1/1
   667 | D:2      | Noticed Sigmund
   669 | D:2      | Reached XP level 3. HP: 33/33 MP: 2/2
   904 | D:2      | Found a deep blue altar of Sif Muna.
   960 | D:2      | Noticed Jessica
   965 | D:2      | Killed Jessica
   965 | D:2      | Reached skill level 4 in Axes
   965 | D:2      | Reached XP level 4. HP: 33/40 MP: 3/3
  1390 | D:2      | Killed Sigmund
  1390 | D:2      | Reached skill level 5 in Axes
  1390 | D:2      | Reached XP level 5. HP: 26/47 MP: 4/4
  1549 | D:2      | Found a runed door.
  1596 | D:2      | Reached XP level 6. HP: 55/55 MP: 5/5
  1689 | D:2      | Noticed Crazy Yiuf
  1692 | D:2      | Killed Crazy Yiuf
  1804 | D:3      | Reached skill level 5 in Armour
  1892 | D:3      | Found a shadowy altar of Dithmenos.
  2109 | D:3      | Reached skill level 5 in Fighting
  2424 | D:4      | Reached skill level 6 in Axes
  2615 | D:4      | Reached skill level 5 in Shields
  2912 | D:4      | Reached XP level 7. HP: 54/61 MP: 6/6
  3078 | D:4      | Found a glowing golden altar of the Shining One.
  3078 | D:4      | Found a runed door.
  3078 | D:4      | Noticed an angel
  3110 | D:5      | Entered Level 5 of the Dungeon
  3110 | D:5      | Found Baenal's Jewellery Shop.
  3378 | D:5      | Reached skill level 7 in Axes
  3743 | D:6      | Found Xuphi's Distillery.
  3960 | D:6      | Noticed Danakh's ghost (novice MiFi)
  3986 | D:6      | Killed Danakh's ghost
  3986 | D:6      | Reached skill level 8 in Axes
  3986 | D:6      | Reached XP level 8. HP: 46/71 MP: 7/7
  4356 | D:6      | Reached skill level 9 in Axes
  4375 | D:6      | Found a staircase to the Ecumenical Temple.
  4406 | Temple   | Entered the Ecumenical Temple
  4546 | Temple   | Became a worshipper of Hepliaklqana the Forgotten
  5105 | D:7      | Reached XP level 9. HP: 62/71 MP: 8/8
  5431 | D:7      | Found a hazy altar of Hepliaklqana.
  5437 | D:7      | Reached * piety under Hepliaklqana
  5598 | D:8      | Noticed Erica
  5607 | D:8      | Killed Erica
  5607 | D:8      | Reached skill level 10 in Axes
  5694 | D:8      | Noticed Joseph
  5774 | D:8      | Killed Joseph
  5855 | D:8      | Reached skill level 11 in Axes
  5926 | D:8      | Reached XP level 10. HP: 76/81 MP: 9/9
  6332 | D:8      | Noticed Psyche
  6333 | D:8      | Reached ** piety under Hepliaklqana
  6334 | D:8      | Remembered your ancestor Paullus as a hexer
  6343 | D:8      | Killed Psyche
  7110 | D:9      | Reached skill level 12 in Axes
  7113 | D:9      | Noticed an oklob plant
  7736 | D:10     | Entered Level 10 of the Dungeon
  7770 | D:10     | Noticed a hill giant
  7791 | D:10     | Found a staircase to the Lair.
  7796 | D:10     | Killed a hill giant
  7798 | D:10     | Reached XP level 11. HP: 75/89 MP: 10/10
  7807 | D:10     | Reached skill level 10 in Fighting
  8039 | D:10     | Reached skill level 10 in Armour
  8117 | D:10     | Got a pair of heavily runed boots
  8128 | D:10     | Identified the +4 pair of boots of Filth {rC++} (You found it on level 10 of the Dungeon)
  8168 | D:10     | Reached skill level 10 in Shields
  8171 | D:10     | Reached skill level 13 in Axes
  8212 | D:10     | Reached *** piety under Hepliaklqana
  8346 | D:10     | Noticed Harold
  8366 | D:10     | Killed Harold
  9159 | D:11     | Noticed a hill giant
  9165 | D:11     | Killed a hill giant
  9273 | D:11     | Noticed a brown ugly thing
  9285 | D:11     | Killed a brown ugly thing
  9644 | D:11     | Noticed a seven-headed hydra
  9794 | D:11     | Reached **** piety under Hepliaklqana
  9822 | D:11     | Reached skill level 1 in Invocations
 10304 | D:11     | Found a staircase to the Orcish Mines.
 10573 | D:11     | Reached skill level 14 in Axes
 10953 | D:11     | Reached XP level 12. HP: 99/99 MP: 12/12
 11045 | Lair:1   | Entered Level 1 of the Lair of Beasts
 11678 | Lair:1   | Found a burning altar of Makhleb.
 12041 | D:5      | Bought the ring "Cuigg" {*Drain rN+ Str+9} for 604 gold pieces
 12652 | Lair:2   | Noticed a five-headed hydra
 12663 | Lair:2   | Killed a two-headed hydra
 12922 | Lair:2   | Found a staircase to the Snake Pit.
 13294 | Lair:3   | Noticed a seven-headed hydra
 13305 | Lair:3   | Killed a four-headed hydra
 13305 | Lair:3   | Reached skill level 15 in Axes
 13345 | Lair:3   | Reached ***** piety under Hepliaklqana
 13507 | Lair:3   | Noticed a six-headed hydra
 13511 | Lair:3   | Killed a five-headed hydra
 13567 | Lair:3   | Noticed a six-headed hydra
 13575 | Lair:3   | Killed a four-headed hydra
 13640 | Lair:3   | Noticed Snorg
 13649 | Lair:3   | Killed Snorg
 13859 | Lair:4   | Noticed a death yak
 13866 | Lair:4   | Noticed a death yak
 13869 | Lair:4   | Killed a death yak
 13869 | Lair:4   | Reached XP level 13. HP: 106/106 MP: 15/15
 13928 | Lair:4   | Found a staircase to the Swamp.
 13991 | Lair:4   | Reached skill level 5 in Invocations
 14479 | Lair:4   | Reached skill level 1 in Evocations
 15191 | D:5      | Bought a +4 amulet of reflection for 375 gold pieces
 15232 | D:7      | Reached skill level 16 in Axes
 15749 | Lair:5   | Found a runed door.
 15753 | Lair:5   | Found a viscous altar of Jiyva.
 15754 | Lair:5   | Found a staircase to the Slime Pits.
 15943 | Lair:6   | Entered Level 6 of the Lair of Beasts
 16508 | Lair:6   | Reached XP level 14. HP: 42/114 MP: 17/17
 17240 | Lair:6   | Reached ****** piety under Hepliaklqana
 17727 | D:12     | Noticed Nergalle
 17741 | D:12     | Killed Nergalle
 17741 | D:12     | Reached skill level 17 in Axes
 17816 | D:12     | Noticed Erolcha
 17818 | D:12     | Cast into level 1 of the Abyss (Erolcha)
 17859 | Abyss:1  | Noticed a tentacled starspawn
 17901 | Abyss:1  | Killed a tentacled starspawn
 17953 | Abyss:1  | Noticed a tentacled starspawn
 17970 | Abyss:1  | Noticed a tentacled starspawn
 17980 | Abyss:1  | Killed a tentacled starspawn
 17983 | Abyss:1  | Killed a tentacled starspawn
 18093 | Abyss:1  | Noticed a tentacled starspawn
 18109 | Abyss:1  | Killed a tentacled starspawn
 18111 | D:12     | Escaped the Abyss
 18118 | D:12     | Killed Erolcha
 18486 | D:12     | Reached skill level 5 in Evocations
 18793 | Orc:1    | Entered Level 1 of the Orcish Mines
 18921 | Orc:1    | Found Wohocl Kedo's Weapon Boutique.
 18929 | Orc:1    | Bought a +1 war axe of electrocution for 188 gold pieces
 18934 | Orc:1    | Paralysed by an orc sorcerer for 6 turns
 19045 | Orc:2    | Entered Level 2 of the Orcish Mines
 19045 | Orc:2    | Noticed an orc warlord
 19053 | Orc:2    | Noticed Nessos
 19053 | Orc:2    | Found Asijaps's General Store.
 19150 | Orc:1    | Noticed Fannar
 19367 | Swamp:1  | Entered Level 1 of the Swamp
 19601 | Swamp:1  | Noticed Nikola
 19603 | Swamp:1  | Paralysed by a hornet for 1 turns
 19604 | Swamp:1  | Killed from afar by Nikola

Skill      XL: |  1  2  3  4  5  6  7  8  9 10 11 12 13 14 |
---------------+-------------------------------------------+-----
Axes           | 3 4 5 6 8 9 11 12 14 15 16 17 | 17.6
Armour         | 4 5 6 7 8 9 11 12 13 | 13.8
Fighting       | 4 5 6 7 8 9 11 12 13 | 13.7
Shields        | 4 5 6 7 8 9 10 11 12 13 | 13.6
Invocations    | 2 4 6 7 |  7.6
Evocations     | 3 5 |  5.1

Action                   |  1- 3 |  4- 6 |  7- 9 | 10-12 | 13-15 || total
-------------------------+-------+-------+-------+-------+-------++-------
Melee: War axe           |    65 |   141 |   275 |   745 |   670 ||  1896
       Headbutt          |     9 |    20 |    42 |   188 |   228 ||   487
       Scimitar          |       |       |       |    23 |       ||    23
Invok: Recall Ancestor   |       |       |     1 |     4 |     5 ||    10
       Ancestor Life: He |       |       |       |     1 |       ||     1
       Transference      |       |       |       |     1 |     1 ||     2
 Stab: Distracted        |       |       |     2 |     3 |     8 ||    13
       Confused          |       |       |       |     8 |     2 ||    10
  Eat: Chunk             |       |     6 |    14 |    25 |    11 ||    56
       Meat ration       |       |       |     1 |       |       ||     1
       Royal jelly       |       |       |       |       |     1 ||     1
       Pizza             |       |       |       |       |     1 ||     1
Armor: Scale mail        |    37 |    56 |       |       |       ||    93
       Chain mail        |       |     8 |    60 |       |       ||    68
       Plate armour      |       |       |    69 |   309 |   157 ||   535
Dodge: Dodged            |    20 |    39 |    31 |    76 |    61 ||   227
Block: Shield            |    38 |    73 |    23 |       |       ||   134
       Large shield      |       |       |   203 |   628 |   600 ||  1431
       Reflection        |       |       |       |       |    11 ||    11
